 Dungeon Crawl Stone Soup version 0.31-a0-986-g5e6e4ef867 (webtiles) character file.

Game seed: 10804250276335155619

61 themarg the Ruffian (level 3, -4/36 HPs)
             Began as a Troll Fighter on Nov 11, 2023.
             Slain by an orc
             ... wielding a +2 flail of holy wrath
              (6 damage)
             ... on level 2 of the Dungeon.
             The game lasted 00:03:09 (1436 turns).

themarg the Ruffian (Troll Fighter)                 Turns: 1436, Time: 00:03:10

Health: -4/36      AC:  4    Str: 26    XL:     3   Next: 83%
Magic:  2/2        EV:  8    Int:  4    God:
Gold:   8          SH:  7    Dex:  9    Spells: 2/2 levels left

rFire   . .          .
                       - Unarmed
rCold   . . .        b - +0 kite shield
rNeg    . . .        a - +0 robe
rPois   .            (helmet restricted)
rElec   .            (no cloak)
rCorr   .            (gloves unavailable)
SInv    .            (boots unavailable)
Will    .....        (no amulet)
Stlth   +            (no ring)
HPRegen 1.06/turn    (no ring)
MPRegen 0.08/turn

%: no passive effects
@: mighty, lethally poisoned (-4 -> -19)
A: large, unfitting armour, claws 3, regeneration 1, shaggy fur 1, tough skin 1
a: no special abilities


You were on level 2 of the Dungeon.
You visited 1 branch of the dungeon, and saw 3 of its levels.

You collected 98 gold pieces.
You spent 90 gold pieces at shops.

Inventory:

Hand Weapons
 n - a +1 whip of electrocution
Missiles
 h - 17 stones
 k - 3 poisoned darts
Armour
 a - a +0 robe (worn)
 b - a +0 kite shield (worn)
Scrolls
 d - 3 scrolls of fear
 e - 3 scrolls of enchant weapon
 g - 3 scrolls of teleportation
 i - a scroll of immolation
Potions
 f - 2 potions of brilliance
 j - a potion of lignification {unknown}
 l - a potion of magic {unknown}
 m - a potion of haste {unknown}


   Skills:
 + Level 2.8 Fighting
 - Level 2.4 Dodging
 + Level 3.1 Shields
 * Level 3.3 Unarmed Combat


You had 2 spell levels left.
You didn't know any spells.
Your spell library was empty.

Dungeon Overview and Level Annotations

Branches:
Dungeon (3/15)

Altars:

Shops:
D:1 ?   D:3 ?


Innate Abilities, Weirdness & Mutations

You are too large for most types of armour.
You have claws for hands.
Your natural rate of healing is unusually fast.
You are covered in fur. (AC +1)
You have tough skin. (AC +1)


Message History

There is a stone staircase leading down here.
You closely miss the orc.
You feel sick. The orc hits you but does no damage.
You are more poisoned.
The orc hits you but does no damage.
The orc hits you with a +2 flail of holy wrath.
You closely miss the orc.
You feel very sick.
You block the orc's attack. x2; The orc hits you but does no damage.
You scratch the orc.
The orc is lightly wounded.
You feel sick. The orc barely misses you. You block the orc's attack. x2
You scratch the orc.
The orc is almost dead.
You feel sick. The orc completely misses you. The orc closely misses you. x2
You scratch the orc but do no damage.
The orc is almost dead.
You feel sick.
The orc hits you with a +1 dagger of venom.
You are more poisoned.
You block the orc's attack. The orc barely misses you.
You closely miss the orc.
The orc is almost dead.
You feel very sick.
The orc hits you with a +1 dagger of venom.
You are lethally poisoned!
The orc hits you but does no damage. You block the orc's attack.
You feel very mighty all of a sudden.
* * * LOW HITPOINT WARNING * * *
You feel very sick.
The orc hits you with a +1 dagger of venom.
* * * LOW HITPOINT WARNING * * *
You are more poisoned.
The orc hits you but does no damage. The orc closely misses you.
You barely miss the orc.
The orc is almost dead.
* * * LOW HITPOINT WARNING * * *
You feel extremely sick. You block the orc's attack.
The orc hits you but does no damage.
The orc hits you with a +2 flail of holy wrath.
You die...

#....####.# #.......#
#####.........# #######.#
#.............# #.#
#.###.........# #.# #.#
#.........# #.###
###.#######.....# ### #...#
#.......###.....# #.######.#
#...........#o..######....#.#.#
#...........#o@.#....#.##.#.#..
#...........#o..#.##......#.#.#
#...........#...#.#####.###.#..
#.......#####...#...........###
#.......# ###########.#####
###.##### ####...#.# #.#
#...†..#.# #.#####
#####.##.###.# #.....#
#............#


You could see 3 orcs.

Vanquished Creatures
  3 adders (D:2)
  5 endoplasms
  A giant cockroach (D:1)
  4 goblins
  4 hobgoblins
  2 jackals (D:1)
  4 kobolds
  3 quokkas (D:2)
  3 ball pythons
  A frilled lizard (D:2)
  2 rats (D:1)
32 creatures vanquished.

Notes
Turn   | Place    | Note
-------+----------+-------------------------------------------
     0 | D:1      | themarg the Troll Fighter began the quest for the Orb.
     0 | D:1      | Reached XP level 1. HP: 22/22 MP: 0/0
   119 | D:1      | Reached XP level 2. HP: 29/29 MP: 1/1
   199 | D:1      | Found Ipelepn's Magic Scroll Shop.
   208 | D:1      | Bought a scroll of identify for 20 gold pieces
   214 | D:1      | You fall into a shaft and drop 1 floor!
   349 | D:2      | Reached XP level 3. HP: 35/36 MP: 2/2
   842 | D:1      | Bought a scroll of immolation for 40 gold pieces
   842 | D:1      | Bought a scroll of teleportation for 30 gold pieces
  1426 | D:3      | Found Hocsauxt's Magic Scroll Emporium.
  1436 | D:2      | Slain by an orc

Illustrated notes

Levels and vault maps discovered:
D:1:      roderic_crossed_star, layout_rooms, serial_shops,
          nicolae_shop_hallway_stairs, serial_bayou_pond_d
D:2:      layout_basic
D:3:      layout_loops_corners, tgw_fedhas, pdpol_wu_jian_five_deadly_venoms,
          lemuel_crystal_altar, mainiacjoe_overflow_surrounded_room,
          serial_shops, nicolae_shop_peninsula, gup_sewer_entry_bubbles

Skill      XL: |  1  2  3 |
---------------+----------+-----
Shields        | 3 |  3.1
Unarmed Combat | 3 |  3.3
Fighting       | |  2.8
Dodging        | |  2.4

Action                     || total
---------------------------++-------
  Melee: Unarmed           ||    75
    Use: Scroll            ||     3
         Potion            ||     1
 Armour: Robe              ||    35
  Dodge: Dodged            ||    23
  Block: Kite shield       ||    25

Table legend: (Time is in decaauts)
 A = Elapsed time spent in this place.
 B = Non-inter-level travel time spent in this place.
 C = Inter-level travel time spent in this place.
 D = Time resting spent in this place.
 E = Time spent auto-exploring this place.
 F = Levels seen in this place.
 G = Mean time per level.
                   A        B        C        D        E       F      G
               +--------+--------+--------+--------+--------+-----+--------+
         Total |   1442 |   1301 |    141 |      0 |   1088 |   3 |  480.7 |
       Dungeon |   1442 |   1301 |    141 |      0 |   1088 |   3 |  480.7 |
               +--------+--------+--------+--------+--------+-----+--------+

Top non-repeatable levels by time:
     D:2: 867 daAuts
     D:1: 572 daAuts
     D:3: 1 daAuts
